 Dungeon Crawl Stone Soup version 0.27.1-33-g824d729ab1 (webtiles) character file.

Game seed: 15512373030921646127

66 pkoi the Shield-Bearer (level 3, -6/27 (31) HPs)
             Began as a Draconian Fighter on Dec 2, 2021.
             Mangled by Terence (10 damage)
             ... on level 2 of the Dungeon.
             The game lasted 00:01:16 (1552 turns).

pkoi the Shield-Bearer (Draconian Fighter)          Turns: 1552, Time: 00:01:17

HP:   -6/27 (31)    AC:  6    Str: 18    XL:     3   Next: 96%
MP:   3/3           EV: 10    Int:  9    God:
Gold: 67            SH: 10    Dex: 10    Spells: 2/2 levels left

rFire    . . .     SeeInvis .     - Unarmed
rCold    . . .     Faith    .   a - +1 kite shield
rNeg     . . .     Spirit   .   (armour unavailable)
rPois    .         Reflect  .   (helmet restricted)
rElec    .         Harm     .   (no cloak)
rCorr    .         Rampage  .   d - +0 pair of gloves
Will     .....                  (no boots)
Stlth    +.........             (no amulet)
HPRegen  0.09/turn              (no ring)
MPRegen  0.08/turn              (no ring)

@: heavily drained
A: AC +5, unfitting armour, cold-blooded
a: no special abilities


You were on level 2 of the Dungeon.
You visited 1 branch of the dungeon, and saw 2 of its levels.

You collected 67 gold pieces.

Inventory:

Armour
 a - a +1 kite shield (worn)
 d - a +0 pair of gloves (worn)
Jewellery
 f - an amulet of magic regeneration
Scrolls
 c - a scroll of enchant weapon
 h - a scroll of blinking {unknown}
Potions
 b - a potion of might
 e - a potion of heal wounds
 g - a potion of curing {unknown}
 i - a potion of berserk rage {unknown}


   Skills:
 - Level 3.2 Fighting
 - Level 2.6 Dodging
 + Level 3.7 Shields
 * Level 3.7 Unarmed Combat


You had 2 spell levels left.
You didn't know any spells.
Your spell library was empty.

Dungeon Overview and Level Annotations

Branches:
Dungeon (2/15)

Altars:
Yredelemnul

Annotations:
D:2 Terence


Innate Abilities, Weirdness & Mutations

Your plain brown scales are hard. (AC +5)
You cannot fit into any form of body armour.
You are cold-blooded and may be slowed by cold attacks.


Message History

You see here a rat corpse.
The hobgoblin closely misses you.
You closely miss the hobgoblin. You tail-slap the hobgoblin.
You kill the hobgoblin!
No target in view!
No target in view!
No target in view!
No target in view!
No target in view!
Found a mace.
Terence the Incautious comes into view.
He is wielding a +4 flail of draining.
Terence shouts!
Terence is nearby!
You block Terence's attack.
You see here a +0 mace.
You barely miss Terence. You tail-slap Terence.
Terence is lightly wounded.
Terence closely misses you.
You barely miss Terence.
Your tail-slap misses Terence.
Terence is lightly wounded.
Terence barely misses you.
You hit Terence. You tail-slap Terence.
Terence is lightly wounded.
Terence hits you with a +4 flail of draining.
You feel drained.
Terence hits you with a +4 flail of draining.
You feel drained.
You closely miss Terence.
Terence is lightly wounded.
Terence hits you with a +4 flail of draining!
* * * LOW HITPOINT WARNING * * *
You feel drained.
* * * LOW HITPOINT WARNING * * *
You closely miss Terence.
Terence is lightly wounded.
You block Terence's attack.
You hit Terence.
Terence is moderately wounded.
Terence hits you with a +4 flail of draining!
You die...

#...#
#.### #.#
#.# #.#
#.# #.#
########.#
......@@.#
##########


You could see Terence.

Vanquished Creatures
  4 adders (D:2)
  2 endoplasms (D:1)
  A giant cockroach (D:1)
  3 goblins
  4 hobgoblins
  3 quokkas
  3 ball pythons (D:1)
  A bat (D:2)
  A frilled lizard (D:2)
  2 kobolds
  8 rats
32 creatures vanquished.

Notes
Turn   | Place    | Note
-------+----------+-------------------------------------------
     0 | D:1      | pkoi the Draconian Fighter began the quest for the Orb.
     0 | D:1      | Reached XP level 1. HP: 19/19 MP: 1/1
   211 | D:1      | Found a faded altar of an unknown god.
   295 | D:1      | Reached XP level 2. HP: 23/26 MP: 2/2
   974 | D:2      | Reached XP level 3. HP: 30/31 MP: 3/3
   995 | D:2      | Found a basalt altar of Yredelemnul.
  1545 | D:2      | Noticed Terence
  1552 | D:2      | Mangled by Terence

Illustrated notes

Levels and vault maps discovered:
D:1:      pf_arrival_petrified_forest, layout_basic,
          dreamdust_ecumenical_altar_angels_and_demons
D:2:      layout_loops_ring, basic_altar, uniq_terence

Skill      XL: |  1  2 |
---------------+-------+-----
Unarmed Combat | 3 |  3.7
Fighting       | |  3.2
Dodging        | |  2.6
Shields        | |  3.7

Action                   || total
-------------------------++-------
Melee: Unarmed           ||   133
       Tailslap          ||    15
  Use: Scroll            ||     4
 Stab: Sleeping          ||     1
Armor: Skin              ||    32
Dodge: Dodged            ||    51
Block: Kite shield       ||    68
